 Dungeon Crawl Stone Soup version 0.28.0-45-g0d030f2227 (webtiles) character file.

Game seed: 11523187660705054056

8 McKennaii the Conjurer (level 2, 13/19 HPs)
             Began as a Demonspawn Conjurer on Apr 14, 2022.
             Quit the game on level 1 of the Dungeon.
             The game lasted 00:00:13 (310 turns).

McKennaii the Conjurer (Demonspawn Conjurer)         Turns: 310, Time: 00:00:14

Health: 13/19      AC:  2    Str:  7    XL:     2   Next: 0%
Magic:  0/5        EV: 12    Int: 19    God:
Gold:   41         SH:  0    Dex: 11    Spells: 4/5 levels left

rFire   . . .      SeeInvis .   c - +0 spear (venom)
rCold   . . .      Faith    .   (no shield)
rNeg    . . .      Spirit   .   a - +0 robe
rPois   .          Reflect  .   (no helmet)
rElec   .          Harm     .   (no cloak)
rCorr   .          Rampage  .   (no gloves)
Will    .....                   (no boots)
Stlth   ++........              (no amulet)
HPRegen 0.06/turn               (no ring)
MPRegen 0.09/turn               (no ring)

@: no status effects
A: foul stench 1
a: no special abilities


You were on level 1 of the Dungeon.
You visited 1 branch of the dungeon, and saw 1 of its levels.

You collected 41 gold pieces.

Inventory:

Hand Weapons
 c - a +0 spear of venom (weapon)
Armour
 a - a +0 robe (worn)
Scrolls
 b - 2 scrolls of identify {unknown}
 d - a scroll of immolation {unknown}
 e - a scroll of teleportation {unknown}


   Skills:
 - Level 1.7 Dodging
 - Level 1.7 Stealth
 + Level 2.3 Spellcasting
 + Level 4.2 Conjurations


You had 4 spell levels left.
You knew the following spells:

 Your Spells              Type           Power      Damage    Failure   Level
a - Magic Dart            Conj           72%        1d6       3%          1

Your spell library contained the following spells:

 Spells                   Type           Power      Damage    Failure   Level
 Searing Ray              Conj           36%        2d5       4%          2
 Dazzling Flash           Conj/Hex       20%        N/A       21%         3
 Fulminant Prism          Conj/Hex       5%         3d7       56%         4
 Iskenderun's Mystic Bla  Conj/Tloc      10%        2d4       56%         4


Dungeon Overview and Level Annotations

Branches:
Dungeon (1/15)

Altars:


Innate Abilities, Weirdness & Mutations

You may rarely emit foul miasma when damaged in melee.


Message History

A bat is nearby!
The magic dart hits the bat.
You kill the bat!
e - a scroll labelled TENAILIHUV You can't see any susceptible monsters within range! (Use Z to cast anyway.)
You now have 41 gold pieces (gained 15).
Key pressed, stopping explore.
You can't see any susceptible monsters within range! (Use Z to cast anyway.)
Found 19 stones.
You can't see any susceptible monsters within range! (Use Z to cast anyway.) No target in view! 3 jackals come into view.
Found 20 arrows.
The magic dart hits the jackal.
The jackal is severely wounded.
The jackal barks! x2
There are monsters nearby!
The magic dart hits the jackal.
The jackal is almost dead.
The jackal barks!
There are monsters nearby!
The magic dart hits the jackal.
You kill the jackal!
You closely miss the jackal.
The jackal is severely wounded.
The jackal bites you. The jackal misses you.
There are monsters nearby!
You are too depleted to draw on your mana recklessly!
You barely miss the jackal.
The jackal is severely wounded.
The jackal barely misses you.
There are monsters nearby!
You hit the jackal.
You kill the jackal!
The jackal bites you.
You have reached level 2!
Your demonic ancestry asserts itself...
You begin to emit a foul stench of rot and decay.
You are too depleted to draw on your mana recklessly!
Are you sure you want to abandon this character and quit the game? (Confirm with "yes".)

...#........#
#.#..#.#.########.#
............#
#.#..#.#..........#
......###.#.#
#.##.#.#.##########
.....## .#.#
#..............#
.....#
####...#.#####.#
.###.# #.#...#.#
...(.#
.#.####.#...#.#
######
.(....h.#...#..
#@#.#.#######
#.####.#.........#
..........#.#####.#
#######.#.#.#
###.#.# #.#.# #.#..
#.### #..


You could see a jackal.

Vanquished Creatures
  2 bats (D:1)
  A hobgoblin (D:1)
  2 jackals (D:1)
  A ball python (D:1)
  A rat (D:1)
7 creatures vanquished.

Notes
Turn   | Place    | Note
-------+----------+-------------------------------------------
     0 | D:1      | McKennaii the Demonspawn Conjurer began the quest for the
                  | Orb.
     0 | D:1      | Reached XP level 1. HP: 13/13 MP: 3/3
    73 | D:1      | Found a faded altar of an unknown god.
   310 | D:1      | Gained mutation: You may rarely emit foul miasma when
                  | damaged in melee. [demonic ancestry]
   310 | D:1      | Reached XP level 2. HP: 13/19 MP: 0/5
   310 | D:1      | Quit the game

Illustrated notes

Levels and vault maps discovered:
D:1:      lightli_arrival_statue_moat, layout_basic,
          hellmonk_ecumenical_altar_lost_god, minivault_4

Action                   || total
-------------------------++-------
Melee: Spear             ||     3
 Cast: Magic Dart        ||    13
Armor: Robe              ||     1
Dodge: Dodged            ||     2
